 Dungeon Crawl Stone Soup version 0.27-a0-1302-g7736ffe575 (webtiles) character file.

Game seed: 387183586066609369

104 BlueGoblin the Covered (level 4, -1/29 HPs)
             Began as a Gargoyle Fighter on June 18, 2021.
             Killed by divine providence
             ... invoked by a smoke demon
             ... summoned by a kobold demonologist
              (9 damage)
             ... on level 3 of the Dungeon.
             The game lasted 00:07:57 (3226 turns).

BlueGoblin the Covered (Gargoyle Fighter)           Turns: 3226, Time: 00:07:57

Health: -1/29      AC: 13    Str: 21    XL:     4   Next: 80%
Magic:  4/4        EV:  7    Int:  8    God:
Gold:   51         SH:  9    Dex:  9    Spells: 3/3 levels left

rFire    . . .     SeeInvis .   a - +1 flail (protect)
rCold    . . .     Faith    .   c - +0 kite shield
rNeg     + . .     Spirit   .   b - +0 scale mail
rPois    ∞         Reflect  .   h - +2 helmet
rElec    +         Harm     .   (no cloak)
rCorr    .         Rampage  .   (no gloves)
Will     .....                  (no boots)
Stlth    ..........             f - amulet of regeneration
HPRegen  1.09/turn              (no ring)
MPRegen  0.09/turn              (no ring)

@: flying
A: sickness immunity, AC +3, negative energy resistance 1, electricity
resistance, torment resistance 1, petrification resistance
a: no special abilities


You were on level 3 of the Dungeon.
You visited 1 branch of the dungeon, and saw 3 of its levels.

You collected 51 gold pieces.

Inventory:

Hand Weapons
 a - a +1 flail of protection (weapon)
Missiles
 e - 67 stones (quivered)
Armour
 b - a +0 scale mail (worn)
 c - a +0 kite shield (worn)
 h - a +2 helmet (worn)
Jewellery
 f - an amulet of regeneration (around neck)
Wands
 i - a wand of iceblast (9)
Potions
 d - 2 potions of might
 g - 2 potions of flight


   Skills:
 + Level 3.7 Fighting
 + Level 3.2 Maces & Flails
 + Level 4.1 Armour
 + Level 0.4 Dodging
 + Level 0.4 Stealth
 + Level 3.8 Shields


You had 3 spell levels left.
You didn't know any spells.
Your spell library contained the following spells:

 Spells                   Type           Power      Damage    Failure   Level
 Beastly Appendage        Tmut           0%         N/A       99%         1
 Wereblood                Tmut           0%         N/A       100%        2
 Spider Form              Tmut/Pois      0%         N/A       100%        3
 Ice Form                 Ice/Tmut       0%         N/A       100%        4


Dungeon Overview and Level Annotations

Branches:
Dungeon (3/15)

Altars:

Shops:
D:1 *

Annotations:
D:3 1 transporter


Innate Abilities, Weirdness & Mutations

You are immune to sickness and miasma.
Your stone body is resilient. (AC +3)
You are immune to poison.
You resist negative energy. (rN+)
You are resistant to electric shocks. (rElec)
You are resistant to unholy torment.
You are immune to petrification.


Message History

Press: ? - help, Q - select action, (/) - cycle Shift-Dir - straight line, f/p - shadow imp
Aim: a shadow imp (lightly wounded, 50% to hit)
You throw a stone.
The stone hits the shadow imp but does no damage.
The shadow imp is lightly wounded.
You aren't carrying any scrolls.
Sorry, you're not good enough to have a special ability.
Unknown command.
The orc priest looks encouraged for a moment.
The shadow imp picks up a beetle and eats it.
There is an open door here.
You don't know any spells.
You feel very buoyant.
You fly up into the air.
The kobold demonologist casts a spell.
The smoke demon hits you.
The smoke demon hits you but does no damage.
You block the smoke demon's attack.
The orc priest looks satisfied for a moment.
The kobold demonologist miscasts a cantrip.
The shadow imp gestures at you.
You barely resist. The smoke demon gestures at you. The ball of steam hits you!
Ouch! That really hurt!
The plant is engulfed in a cloud of scalding steam.
The plant begins to die.
The plant is engulfed in a cloud of scalding steam.
The plant begins to die.
The kobold demonologist casts a spell.
The plant is engulfed in a cloud of scalding steam. x2
The plant begins to die.
The plant is engulfed in a cloud of scalding steam.
The shadow imp is engulfed in a cloud of scalding steam.
The shadow imp gestures at you. Pain shoots through your body!
* * * LOW HITPOINT WARNING * * *
The smoke demon gestures at you. Something smites you!
You die...

#.. #..........#
.....##.##..........#
.....#...#......)...#
.......©............#
...#########........# #
...#8P$©$P8#........# .#.
...#P..[..≈#........# ....
#..####+####.......$# ....
...#5≈.@.§5#...###### ....
...#.≈...§.#...#
..........#.#.3≈P≈≈§#...#
.....<....#.#K≈≈♣3§5#..[#
..........#.#(≈P§P§.#...#
..........#.#o≈.§§≈.#...#
..........#.#.≈...≈.#...##
............####'####....##
............#P.....P#.....#


You could see a kobold demonologist, 2 smoke demons, an orc priest and 3 shadow
imps.

Vanquished Creatures
  Robin (D:2)
  2 adders
  4 dart slugs
  An orc (D:3)
  5 endoplasms
  4 hobgoblins
  11 jackals
  5 kobolds
  2 quokkas (D:3)
  6 ball pythons
  2 bats
  3 frilled lizards
  12 goblins
  4 rats
62 creatures vanquished.

Notes
Turn   | Place    | Note
-------+----------+-------------------------------------------
     0 | D:1      | BlueGoblin the Gargoyle Fighter began the quest for the
                  | Orb.
     0 | D:1      | Reached XP level 1. HP: 14/14 MP: 1/1
   270 | D:1      | Reached XP level 2. HP: 16/19 MP: 2/2
   499 | D:1      | Found a faded altar of an unknown god.
   614 | D:1      | Found Kuop's General Store.
   790 | D:1      | Reached XP level 3. HP: 23/23 MP: 3/3
  1024 | D:2      | Noticed Robin
  1679 | D:2      | Killed Robin
  1812 | D:2      | Reached XP level 4. HP: 28/28 MP: 4/4
  2026 | D:2      | Reached skill level 4 in Armour
  3089 | D:3      | Found a transporter.
  3094 | D:3      | Noticed a kobold demonologist
  3124 | D:3      | Found a transporter.
  3220 | D:3      | Noticed a smoke demon
  3226 | D:3      | Noticed a smoke demon
  3226 | D:3      | Killed from afar by a smoke demon

Illustrated notes

Levels and vault maps discovered:
D:1:      lightli_arrival_statue_moat, layout_loops_ring, serial_shops, shop,
          basic_ecumenical_altar
D:2:      layout_loops_corners, uniq_robin
D:3:      gammafunk_wand_slinger, layout_rooms, item_on_display_a

Skill      XL: |  1  2  3  4 |
---------------+-------------+-----
Armour         | 4 |  4.1
Maces & Flails | 3 |  3.2
Fighting       | |  3.7
Dodging        | |  0.4
Stealth        | |  0.4
Shields        | |  3.8

Action                   |  1- 3 |  4- 6 || total
-------------------------+-------+-------++-------
Melee: Flail             |   108 |    77 ||   185
Throw: Stone             |     4 |    21 ||    25
  Use: Scroll            |     1 |     6 ||     7
       Potion            |       |     1 ||     1
Armor: Scale mail        |    53 |    51 ||   104
Dodge: Dodged            |    40 |    18 ||    58
Block: Kite shield       |    62 |    39 ||   101

Table legend: (Time is in decaauts)
 A = Elapsed time spent in this place.
 B = Non-inter-level travel time spent in this place.
 C = Inter-level travel time spent in this place.
 D = Time resting spent in this place.
 E = Time spent auto-exploring this place.
 F = Levels seen in this place.
 G = Mean time per level.
                   A        B        C        D        E       F      G
               +--------+--------+--------+--------+--------+-----+--------+
         Total |   3336 |   3013 |    323 |    966 |   1249 |   3 | 1112.0 |
       Dungeon |   3336 |   3013 |    323 |    966 |   1249 |   3 | 1112.0 |
               +--------+--------+--------+--------+--------+-----+--------+

Top non-repeatable levels by time:
     D:1: 1548 daAuts
     D:2: 1399 daAuts
     D:3: 388 daAuts
